Map: Dusk Towers

Players

Jombozeus

  • Race: Terran Terran
  • League: Grandmaster

Miszu - Winner!

  • Race: Protoss Protoss
  • League: Grandmaster

VOD

Have the link to the VOD?

Description

Time

  • Played on: April 8, 2016, 5:13 p.m.
  • Length: 7:08
Show
View Real Time Build Order
Export as new Build Order

Jombozeus Terran 

Build Orders: Command Center First (CC), MMM Bio 

Get SALT Encoding   

  12  0:01  SCV  
  13  0:13  SCV  
  14  0:17  Supply Depot  
  14  0:25  SCV  
  15  0:39  SCV  
  16  0:51  SCV  
  17  1:00  Command Center  
  17  1:04  SCV  
  18  1:14  Barracks  
  18  1:18  SCV  
  19  1:26  Refinery  
  19  1:30  SCV  
  20  1:42  SCV  
  20  1:45  Barracks  
  21  2:01  Orbital Command  
  21  2:02  Marine  
  22  2:14  Refinery  
  22  2:15  Orbital Command  
  22  2:21  Barracks Reactor  
  22  2:27  SCV  
  23  2:33  Barracks Tech Lab  
  23  2:36  Refinery  
  23  2:39  SCV  
  23  2:42  SCV  
  25  2:51  Factory, SCV  
  26  2:52  Marine  
  26  2:54  SCV  
  28  3:03  SCV  
  29  3:06  Barracks  
  29  3:08  Stimpack  
  29  3:14  Marine  
  29  3:18  SCV x2  
  32  3:21  Marine x2  
  34  3:28  Supply Depot  
  34  3:30  SCV  
  35  3:35  Starport  
  35  3:36  Factory Reactor  
  35  3:39  Marine  
  36  3:41  Marine  
  36  3:44  SCV  
  38  3:50  Supply Depot, SCV  
  39  3:55  Marine, Barracks Tech Lab  
  39  3:56  SCV  
  39  4:02  Marine x2, SCV  
  44  4:09  SCV  
  45  4:15  Combat Shields  
  46  4:18  Medivac x2  
  46  4:21  SCV  
  46  4:22  Supply Depot  
  50  4:24  SCV  
  50  4:30  Engineering Bay  
  46  4:33  Factory Reactor  
  46  4:37  SCV  
  46  4:41  SCV  
  44  4:49  SCV  
  44  4:54  Medivac x2  
  44  4:56  SCV  
  44  4:59  Marine x2  
  51  5:01  SCV  
  52  5:10  SCV  
  52  5:13  SCV, Missile Turret  
  52  5:20  Refinery  
  52  5:22  SCV  
  52  5:24  Supply Depot, Marine  
  52  5:25  Marine, Marauder x2  
  52  5:27  SCV  
  60  5:36  SCV  
  60  5:37  Concussive Shells  
  60  5:39  SCV  
  62  5:49  Marine x3, Marauder  
  66  5:53  Widow Mine  
  66  5:54  Widow Mine  
  70  6:03  Supply Depot  
  70  6:06  Supply Depot  
  70  6:10  SCV  
  70  6:16  Marine  
  70  6:18  Marine  
  70  6:20  Marine  
  70  6:22  Marauder  
  69  6:29  Missile Turret  
  65  6:34  Marine  
  65  6:36  Marine, Widow Mine  
  64  6:40  SCV x2  
  64  6:41  Marine  
  64  6:43  Marine  
Show
View Real Time Build Order
Export as new Build Order

Miszu Protoss - Winner!

Build Orders: 1 Gate Expand, Oracle Opening 

Get SALT Encoding   

  12  0:01  Probe (Chrono Boost)  
  13  0:11  Probe (Chrono Boost)  
  14  0:17  Pylon  
  14  0:22  Probe (Chrono Boost)  
  15  0:35  Probe (Chrono Boost)  
  16  0:39  Gateway  
  16  0:45  Probe (Chrono Boost)  
  17  0:56  Probe (Chrono Boost)  
  18  1:06  Probe (Chrono Boost)  
  19  1:14  Nexus  
  19  1:22  Probe (Chrono Boost)  
  20  1:26  Assimilator  
  20  1:34  Cybernetics Core, Probe (Chrono Boost)  
  21  1:45  Probe (Chrono Boost)  
  22  1:52  Assimilator  
  22  1:57  Probe (Chrono Boost)  
  23  2:06  Pylon  
  23  2:24  Adept  
  23  2:25  Probe (Chrono Boost)  
  23  2:26  Probe (Chrono Boost)  
  27  2:35  Probe (Chrono Boost)  
  29  2:37  Probe (Chrono Boost)  
  29  2:39  Stargate  
  29  2:46  Warp Gate, Probe (Chrono Boost)  
  29  2:47  Probe (Chrono Boost)  
  31  2:56  Probe (Chrono Boost)  
  31  2:58  Probe (Chrono Boost)  
  33  3:07  Probe (Chrono Boost)  
  33  3:08  Probe (Chrono Boost)  
  33  3:12  Nexus  
  35  3:17  Probe (Chrono Boost)  
  36  3:23  Probe (Chrono Boost)  
  36  3:26  Oracle (Chrono Boost), Pylon  
  40  3:33  Probe  
  42  3:34  Mothership Core  
  42  3:38  Pylon  
  43  3:44  Probe  
  43  3:48  Assimilator  
  44  3:49  Assimilator  
  44  3:54  Probe  
  44  3:55  Probe  
  45  3:57  Gateway  
  45  3:58  Gateway  
  45  4:00  Oracle (Chrono Boost)  
  49  4:07  Probe  
  50  4:10  Pylon  
  50  4:13  Probe  
  51  4:19  Probe  
  51  4:21  Robotics Facility  
  51  4:23  Pylon, Probe  
  52  4:25  Probe  
  54  4:31  Probe  
  54  4:34  Probe  
  54  4:36  Probe  
  57  4:49  Probe x3  
  60  4:59  Gateway  
  60  5:00  Probe x2  
  60  5:01  Gateway, Probe  
  60  5:05  Gateway  
  63  5:10  Probe x2  
  63  5:13  Probe  
  66  5:18  Observer  
  66  5:21  Probe  
  67  5:24  Adept, Probe  
  67  5:25  Adept x2  
  67  5:26  Probe  
  76  5:29  Twilight Council  
  76  5:31  Probe  
  76  5:33  Forge  
  76  5:34  Forge  
  76  5:35  Pylon, Probe  
  77  5:36  Pylon  
  78  5:50  Stalker  
  78  5:51  Adept x2  
  78  5:53  Immortal (Chrono Boost)  
  88  6:02  Pylon  
  88  6:03  Pylon  
  88  6:10  Adept x3  
  94  6:23  Adept, Stalker x2  
  102  6:32  Immortal (Chrono Boost)  
  102  6:36  Adept, Stalker x2  
  98  6:54  Stalker  
  98  6:55  Stalker x2  
  92  7:05  Adept, Stalker x2  
Tags
 
Add a new tag
Caveats
  • Supply blocks, unpowered buildings, or Contaminate may cause inaccurate times.
  • Supply counts are checked every 10 seconds.